Map: [ESL] Tropical Sacrifice

Players

HeroMarine - Winner!

  • Race: Terran Terran
  • Spawn Location: 7:00

Zoun

  • Race: Protoss Protoss
  • Spawn Location: 1:00

Event: DreamHack SC2 Masters 2022 Atlanta (Offline)

VOD

Have the link to the VOD?

Description

Time

  • Played on: Nov. 18, 2022, 7:58 p.m.
  • Length: 9:40

All games in this series

Show
View Real Time Build Order
Export as new Build Order

HeroMarine Terran - Winner!

Build Orders:  

Get SALT Encoding   

  12  0:00  SCV  
  13  0:12  SCV  
  14  0:17  Supply Depot  
  14  0:24  SCV  
  15  0:38  SCV  
  15  0:41  Barracks  
  16  0:44  Refinery  
  16  0:51  SCV  
  16  0:55  Refinery  
  17  1:03  SCV  
  18  1:15  SCV  
  19  1:18  Supply Depot  
  19  1:28  Reaper  
  19  1:29  Orbital Command  
  20  1:45  Factory  
  20  1:54  SCV  
  20  2:00  Reaper  
  22  2:07  SCV  
  23  2:19  SCV  
  23  2:22  Command Center  
  24  2:29  Hellion  
  26  2:31  SCV  
  27  2:38  Barracks Reactor  
  27  2:43  SCV  
  28  2:47  Supply Depot  
  28  2:50  Starport  
  28  2:54  Widow Mine  
  28  2:57  SCV  
  31  3:09  SCV  
  32  3:15  Widow Mine, Marine x2  
  36  3:21  SCV  
  37  3:32  Medivac  
  37  3:33  SCV  
  39  3:35  Marine x2  
  39  3:36  Orbital Command  
  39  3:37  Factory Tech Lab  
  41  3:45  SCV  
  42  3:57  Siege Tank  
  42  3:58  SCV, Marine x2  
  42  4:00  Supply Depot  
  42  4:02  SCV  
  49  4:08  Viking  
  51  4:10  SCV  
  51  4:14  Supply Depot, SCV  
  53  4:19  Marine  
  53  4:21  Marine  
  53  4:22  SCV  
  56  4:26  SCV  
  56  4:29  Siege Tank  
  59  4:34  SCV  
  59  4:36  Supply Depot  
  59  4:37  Marine  
  61  4:39  Viking, Marine  
  61  4:45  SCV  
  65  4:46  SCV  
  66  4:54  Marine  
  66  4:57  SCV, Marine  
  66  4:58  SCV  
  70  5:00  Supply Depot  
  70  5:02  Cyclone  
  73  5:09  Viking, SCV  
  73  5:10  SCV  
  73  5:11  Barracks  
  73  5:12  Marine  
  78  5:21  Supply Depot, SCV, Marine  
  78  5:22  SCV  
  78  5:26  Barracks  
  81  5:30  Marine  
  81  5:34  SCV, Siege Tank  
  86  5:36  Engineering Bay, Refinery  
  86  5:43  SCV, Marine, Bunker  
  86  5:45  Bunker  
  86  5:46  SCV  
  89  5:50  Marine  
  89  5:55  SCV  
  91  5:58  SCV  
  91  6:00  Viking  
  94  6:04  Terran Infantry Weapons Level 1  
  94  6:05  Barracks  
  94  6:06  Barracks, Marine  
  94  6:28  SCV x2  
  94  6:33  Refinery  
  94  6:35  Barracks Tech Lab  
  94  6:36  Siege Tank  
  94  6:37  Marine x2  
  88  6:40  SCV x2  
  88  6:45  Barracks Tech Lab  
  83  6:52  SCV x2  
  83  6:53  Stimpack  
  83  6:54  Marine x2, Starport Reactor  
  85  6:55  Marine x2  
  89  7:04  SCV x2  
  89  7:05  Marine x2  
  89  7:06  Command Center  
  76  7:12  Marine x2  
  76  7:13  Marine x2  
  76  7:16  SCV x2  
  76  7:18  Siege Tank  
  79  7:23  Marine x2  
  79  7:28  SCV  
  82  7:31  Barracks Reactor, Barracks Tech Lab, Marine  
  82  7:34  Medivac x2  
  82  7:35  Supply Depot  
  82  7:36  Supply Depot, SCV  
  88  7:37  Marine  
  88  7:40  SCV  
  88  7:41  Marauder x2  
  94  7:51  Supply Depot x2  
  94  7:57  SCV x2, Marauder, Marine x2  
  94  7:58  Supply Depot, Factory Reactor  
  100  8:03  Marauder  
  100  8:04  Combat Shield  
  100  8:05  Marauder  
  104  8:09  SCV x2  
  106  8:13  Marine  
  106  8:14  Marine  
  106  8:15  Medivac  
  106  8:18  Marauder  
  112  8:21  SCV x2  
  112  8:22  Medivac  
  112  8:24  Marauder, Marine x2  
  112  8:26  Marauder  
  122  8:32  Orbital Command  
  122  8:33  SCV x2  
  124  8:38  Widow Mine x2  
  124  8:39  Concussive Shells, Marine x2  
  124  8:40  Marauder  
  132  8:41  Marine  
  132  8:46  Refinery x2  
  133  8:51  Marauder x2  
  133  8:53  Marine  
  138  8:57  Marine x2  
  138  8:59  Marine  
  138  9:01  Marauder  
  143  9:04  SCV x2  
  143  9:06  SCV  
  139  9:11  Marine  
  139  9:12  Widow Mine x2  
Show
View Real Time Build Order
Export as new Build Order

Zoun Protoss 

Build Orders: 1 Gate Expand, Phoenix Opening, Chargelot Immortal 

Get SALT Encoding   

  12  0:00  Probe  
  13  0:12  Probe  
  14  0:17  Pylon  
  14  0:24  Probe (Chrono Boost)  
  15  0:36  Probe (Chrono Boost)  
  15  0:38  Gateway  
  16  0:44  Probe (Chrono Boost)  
  16  0:49  Assimilator  
  17  0:50  Probe  
  18  1:03  Probe  
  19  1:15  Probe  
  20  1:25  Cybernetics Core  
  20  1:36  Nexus  
  20  1:38  Probe  
  21  1:48  Pylon  
  21  1:50  Probe  
  22  1:54  Assimilator  
  22  2:03  Adept (Chrono Boost), Probe  
  24  2:15  Probe  
  25  2:22  Stargate  
  25  2:27  Probe  
  26  2:30  Stalker  
  28  2:37  Shield Battery  
  28  2:43  Probe (Chrono Boost)  
  28  2:44  Warp Gate  
  29  2:48  Probe (Chrono Boost)  
  30  2:55  Probe (Chrono Boost)  
  32  2:58  Probe (Chrono Boost)  
  32  3:00  Probe (Chrono Boost)  
  32  3:03  Probe (Chrono Boost)  
  33  3:09  Probe  
  33  3:12  Phoenix (Chrono Boost)  
  36  3:16  Adept  
  36  3:18  Probe  
  39  3:22  Probe  
  40  3:30  Phoenix, Probe  
  43  3:34  Probe  
  43  3:38  Pylon  
  44  3:42  Gateway  
  44  3:46  Probe  
  45  3:49  Probe  
  46  3:56  Phoenix (Chrono Boost)  
  46  4:00  Probe  
  46  4:02  Pylon  
  49  4:04  Robotics Facility  
  49  4:08  Probe  
  50  4:12  Probe, Assimilator  
  50  4:15  Assimilator  
  51  4:26  Probe  
  51  4:29  Phoenix, Probe  
  55  4:33  Adept  
  55  4:38  Probe  
  58  4:40  Pylon  
  58  4:41  Probe  
  59  4:50  Probe  
  59  4:52  Observer  
  61  4:54  Robotics Bay  
  61  4:59  Probe  
  60  5:00  Nexus  
  60  5:03  Phoenix  
  62  5:08  Pylon  
  62  5:13  Immortal (Chrono Boost)  
  62  5:19  Adept  
  68  5:23  Adept  
  68  5:27  Shield Battery  
  70  5:36  Phoenix, Gateway  
  70  5:42  Stalker  
  74  5:48  Immortal (Chrono Boost)  
  78  5:53  Stalker  
  78  5:55  Pylon  
  78  6:00  Twilight Council  
  78  6:17  Stalker  
  80  6:22  Immortal (Chrono Boost)  
  80  6:31  Zealot, Gateway  
  82  6:34  Gateway  
  70  6:45  Stalker  
  66  6:48  Charge (Chrono Boost)  
  66  6:51  Shield Battery  
  66  6:53  Zealot  
  68  6:54  Immortal (Chrono Boost)  
  58  7:08  Stalker  
  50  7:17  Probe x2  
  50  7:19  Probe  
  53  7:24  Colossus (Chrono Boost)  
  53  7:25  Sentry  
  53  7:29  Probe (Chrono Boost)  
  63  7:30  Observer  
  63  7:31  Templar Archives, Probe (Chrono Boost)  
  63  7:34  Probe (Chrono Boost)  
  64  7:39  Phoenix, Observer  
  64  7:41  Probe (Chrono Boost)  
  69  7:45  Probe (Chrono Boost)  
  69  7:46  Shield Battery  
  69  7:47  Probe (Chrono Boost)  
  69  7:50  Probe (Chrono Boost)  
  70  7:52  Probe (Chrono Boost)  
  70  7:55  Probe (Chrono Boost)  
  70  7:58  Probe  
  72  7:59  Probe, Forge  
  72  8:03  Observer  
  72  8:04  Phoenix (Chrono Boost)  
  76  8:15  Probe  
  77  8:21  Zealot  
  77  8:25  Zealot  
  77  8:26  Phoenix (Chrono Boost)  
  83  8:27  High Templar x2  
  83  8:30  Probe x3  
  83  8:31  Archon  
  90  8:42  Probe x3  
  93  8:49  Observer  
  93  8:52  Assimilator  
  93  8:53  Pylon  
  93  8:54  Pylon  
  93  9:00  Gateway  
  93  9:13  Zealot x4  
  93  9:15  Gateway  
  107  9:17  Gateway  
  91  9:34  Zealot x4  
Tags
 
Add a new tag
Caveats
  • Supply blocks, unpowered buildings, or Contaminate may cause inaccurate times.
  • Supply counts are checked every 10 seconds.